| TOP OF THE 1ST |
|
Helena Brewers batting - Pitching for San Francisco (APP) Giants : RHP Pablo Mejia
|
|
Pitching: RHP Pablo Mejia
|
|
|
Batting: LHB Andy Buschlen
|
0-0: Fly out, F8 (Flyball, 8RM, EV 77.5 MPH)
|
|
Batting: RHB Lorenzo Diaz
|
0-0: Fly out, F9 (Line Drive, 89M, EV 90.0 MPH)
|
|
Batting: LHB Tony Hasbun
|
0-0: Called Strike 0-1: Ground out 6-3 (Groundball, 4MS, EV 81.2 MPH)
|
| Top of the 1st over - 0 runs, 0 hits, 0 errors, 0 left on base; Helena 0 - San Francisco (APP) 0 |
| BOTTOM OF THE 1ST |
|
San Francisco (APP) Giants batting - Pitching for Helena Brewers : RHP Dillon Atkinson
|
|
Pitching: RHP Dillon Atkinson
|
|
|
Batting: RHB Tsugio Yamaguchi
|
0-0: Ball 1-0: Ball 2-0: Foul Ball, location: 2F 2-1: Foul Ball, location: 2F 2-2: Strikes out looking
|
|
Batting: RHB Noe Oliva
|
0-0: SOLO HOME RUN (Line Drive, 7D, EV 97.5 MPH), Distance : 384 ft
|
|
Batting: RHB Coen Dirks
|
0-0: Swinging Strike 0-1: Ball 1-1: Ball 2-1: Swinging Strike 2-2: TRIPLE (Line Drive, 89XD, EV 106.2 MPH)
|
|
Batting: RHB Zach Maguire
|
0-0: Foul Ball, location: 2F 0-1: Ball 1-1: Swinging Strike 1-2: Ball 2-2: Strikes out swinging
|
|
Batting: RHB Jaime Rios
|
0-0: Ball 1-0: Called Strike 1-1: Ball 2-1: Ball 3-1: Called Strike 3-2: Foul Ball, location: 2F 3-2: Strikes out swinging
|
| Bottom of the 1st over - 1 run, 2 hits, 0 errors, 1 left on base; Helena 0 - San Francisco (APP) 1 |
| TOP OF THE 2ND |
|
Helena Brewers batting - Pitching for San Francisco (APP) Giants : RHP Pablo Mejia
|
|
Batting: RHB Austin Doig
|
0-0: Foul Ball, location: 2F 0-1: Fly out, F8 (Flyball, 78S, EV 79.4 MPH)
|
|
Batting: LHB Jesus Huante
|
0-0: Ball 1-0: Swinging Strike 1-1: Ball 2-1: Fly out, F8 (Line Drive, 8LD, EV 91.9 MPH)
|
|
Batting: LHB Alex Chairez
|
0-0: Ball 1-0: Ball 2-0: Ball 3-0: Base on Balls
|
|
Batting: RHB Steve Errico
|
0-0: Foul Ball, location: 2F 0-1: Ball 1-1: Fly out, F7 (Line Drive, 7S, EV 104.4 MPH)
|
| Top of the 2nd over - 0 runs, 0 hits, 0 errors, 1 left on base; Helena 0 - San Francisco (APP) 1 |
| BOTTOM OF THE 2ND |
|
San Francisco (APP) Giants batting - Pitching for Helena Brewers : RHP Dillon Atkinson
|
|
Batting: RHB Alex Peguero
|
0-0: Ball 1-0: Ground out 5-3 (Groundball, 56S, EV 90.6 MPH)
|
|
Batting: LHB Kuan Hsia
|
0-0: Foul Ball, location: 2F 0-1: Swinging Strike 0-2: Ball 1-2: Ball 2-2: SINGLE (Groundball, 34D, EV 103.8 MPH)
|
|
Batting: RHB Chris Kulik
|
0-0: Swinging Strike 0-1: Called Strike 0-2: Ball 1-2: Strikes out looking
|
|
Batting: RHB Jonathan Hemsley
|
0-0: Ball 1-0: Ball 2-0: Called Strike 2-1: Called Strike 2-2: Foul Ball, location: 2F 2-2: Strikes out swinging, 2-3 out at first.
|
| Bottom of the 2nd over - 0 runs, 1 hit, 0 errors, 1 left on base; Helena 0 - San Francisco (APP) 1 |
| TOP OF THE 3RD |
|
Helena Brewers batting - Pitching for San Francisco (APP) Giants : RHP Pablo Mejia
|
|
Batting: RHB Jesus Menjivar
|
0-0: Called Strike 0-1: Swinging Strike 0-2: Ball 1-2: Foul Ball, location: 2F 1-2: Strikes out swinging
|
|
Batting: RHB Gil Sanchez
|
0-0: Foul Ball, location: 2F 0-1: Called Strike 0-2: Ball 1-2: Foul Ball, location: 2F 1-2: Ball 2-2: Foul Ball, location: 2F 2-2: Strikes out swinging
|
|
Batting: LHB Andy Buschlen
|
0-0: Foul Ball, location: 2F 0-1: Ground out U3 (Groundball, 3L, EV 86.9 MPH)
|
| Top of the 3rd over - 0 runs, 0 hits, 0 errors, 0 left on base; Helena 0 - San Francisco (APP) 1 |
| BOTTOM OF THE 3RD |
|
San Francisco (APP) Giants batting - Pitching for Helena Brewers : RHP Dillon Atkinson
|
|
Batting: RHB Tsugio Yamaguchi
|
0-0: Called Strike 0-1: Fly out, F4 (Line Drive, 4, EV 66.2 MPH)
|
|
Batting: RHB Noe Oliva
|
0-0: Ball 1-0: Foul Ball, location: 2F 1-1: Ball 2-1: Foul Ball, location: 2F 2-2: Ground out 6-3 (Groundball, 6, EV 91.9 MPH)
|
|
Batting: RHB Coen Dirks
|
0-0: Ball 1-0: Ball 2-0: Ground out 6-3 (Groundball, 6M, EV 103.1 MPH)
|
| Bottom of the 3rd over - 0 runs, 0 hits, 0 errors, 0 left on base; Helena 0 - San Francisco (APP) 1 |
| TOP OF THE 4TH |
|
Helena Brewers batting - Pitching for San Francisco (APP) Giants : RHP Pablo Mejia
|
|
Batting: RHB Lorenzo Diaz
|
0-0: Ball 1-0: SOLO HOME RUN (Flyball, 7D, EV 98.1 MPH), Distance : 385 ft
|
|
Batting: LHB Tony Hasbun
|
0-0: Ball 1-0: Called Strike 1-1: Foul Ball, location: 2F 1-2: Strikes out looking
|
|
Batting: RHB Austin Doig
|
0-0: Called Strike 0-1: Foul Ball, location: 2F 0-2: Strikes out swinging
|
|
Batting: LHB Jesus Huante
|
0-0: Fly out, F8 (Flyball, 8RM, EV 83.8 MPH)
|
| Top of the 4th over - 1 run, 1 hit, 0 errors, 0 left on base; Helena 1 - San Francisco (APP) 1 |
| BOTTOM OF THE 4TH |
|
San Francisco (APP) Giants batting - Pitching for Helena Brewers : RHP Dillon Atkinson
|
|
Batting: RHB Zach Maguire
|
0-0: Ball 1-0: Foul Ball, location: 2F 1-1: Hit by Pitch
|
|
Batting: RHB Jaime Rios
|
0-0: Called Strike 0-1: Foul Ball, location: 2F 0-2: Foul Ball, location: 2F 0-2: Foul Ball, location: 2F 0-2: Foul Ball, location: 2F 0-2: Ball 1-2: Strikes out swinging Zach Maguire steals 2nd, throwing error, E2 Zach Maguire to third
|
|
Batting: RHB Alex Peguero
|
0-0: Fly out, F9 (Flyball, 9, EV 90.0 MPH)
|
|
Batting: LHB Kuan Hsia
|
0-0: Ball Wild Pitch! Zach Maguire scores 1-0: Ball 2-0: Ball 3-0: Base on Balls
|
|
Batting: RHB Chris Kulik
|
0-0: Ball 1-0: Ball 2-0: Ball 3-0: Base on Balls Kuan Hsia to second
|
|
Batting: RHB Jonathan Hemsley
|
0-0: Swinging Strike 0-1: Called Strike 0-2: Ball 1-2: Strikes out swinging
|
| Bottom of the 4th over - 1 run, 0 hits, 1 error, 2 left on base; Helena 1 - San Francisco (APP) 2 |
| TOP OF THE 5TH |
|
Helena Brewers batting - Pitching for San Francisco (APP) Giants : RHP Pablo Mejia
|
|
Batting: LHB Alex Chairez
|
0-0: Called Strike 0-1: Foul Ball, location: 2F 0-2: Strikes out swinging
|
|
Batting: RHB Steve Errico
|
0-0: Ball 1-0: Swinging Strike 1-1: Foul Ball, location: 2F 1-2: Ball 2-2: Foul Ball, location: 2F 2-2: SINGLE (Groundball, 56D, EV 101.9 MPH)
|
|
Batting: RHB Jesus Menjivar
|
0-0: Called Strike 0-1: Foul Ball, location: 2F 0-2: Ball 1-2: Ball 2-2: Ball 3-2: Grounds into double play, 6-4-3 (Groundball, 6M, EV 110.6 MPH)
|
| Top of the 5th over - 0 runs, 1 hit, 0 errors, 0 left on base; Helena 1 - San Francisco (APP) 2 |
| BOTTOM OF THE 5TH |
|
San Francisco (APP) Giants batting - Pitching for Helena Brewers : RHP Dillon Atkinson
|
|
Batting: RHB Tsugio Yamaguchi
|
0-0: Swinging Strike 0-1: Foul Ball, location: 2F 0-2: Ball 1-2: Ball 2-2: Strikes out looking
|
|
Batting: RHB Noe Oliva
|
0-0: Ball 1-0: Called Strike 1-1: Foul Ball, location: 2F 1-2: Fly out, F7 (Flyball, 7, EV 85.0 MPH)
|
|
Batting: RHB Coen Dirks
|
0-0: Single, Error in OF, E8, batter to second base (Line Drive, 6MD, EV 97.5 MPH)
|
|
Pitching: LHP Keith Rogers
|
|
|
Batting: RHB Zach Maguire
|
0-0: Ball 1-0: Foul Ball, location: 2F 1-1: Ball 2-1: Ball 3-1: Foul Ball, location: 2F 3-2: Ground out U3 (Groundball, 13, EV 90.0 MPH)
|
| Bottom of the 5th over - 0 runs, 1 hit, 1 error, 1 left on base; Helena 1 - San Francisco (APP) 2 |
| TOP OF THE 6TH |
|
Helena Brewers batting - Pitching for San Francisco (APP) Giants : RHP Pablo Mejia
|
|
Batting: RHB Gil Sanchez
|
0-0: Foul Ball, location: 2F 0-1: Ball 1-1: DOUBLE (Groundball, 5L, EV 102.5 MPH)
|
|
Batting: LHB Andy Buschlen
|
0-0: Called Strike 0-1: Ball 1-1: Called Strike 1-2: Ball 2-2: Strikes out swinging
|
|
Batting: RHB Lorenzo Diaz
|
0-0: Swinging Strike 0-1: Ball 1-1: Foul Ball, location: 2F 1-2: Foul Ball, location: 2F 1-2: Ball 2-2: DOUBLE (Line Drive, 89M, EV 111.9 MPH) Gil Sanchez scores
|
|
Pitching: RHP Sam Green
|
|
|
Batting: LHB Tony Hasbun
|
0-0: 2-RUN HOME RUN (Flyball, 9D, EV 99.4 MPH), Distance : 379 ft
|
|
Batting: RHB Austin Doig
|
0-0: Called Strike 0-1: DOUBLE (Flyball, 78D, EV 90.6 MPH)
|
|
Batting: LHB Jesus Huante
|
0-0: Ball Wild Pitch! Austin Doig to third 1-0: Swinging Strike 1-1: Foul Ball, location: 2F 1-2: Ball 2-2: Ground out 6-3 (Groundball, 6, EV 84.4 MPH)
|
|
Batting: LHB Alex Chairez
|
0-0: Called Strike 0-1: Ball 1-1: Fly out, F5 (Popup, 56S, EV 89.4 MPH)
|
| Top of the 6th over - 3 runs, 4 hits, 0 errors, 1 left on base; Helena 4 - San Francisco (APP) 2 |
| BOTTOM OF THE 6TH |
|
San Francisco (APP) Giants batting - Pitching for Helena Brewers : LHP Keith Rogers
|
|
Batting: RHB Jaime Rios
|
0-0: Ball 1-0: Ground out 6-3 (Groundball, 6S, EV 59.4 MPH)
|
|
Batting: RHB Alex Peguero
|
0-0: Called Strike 0-1: Ball 1-1: Ball 2-1: Swinging Strike 2-2: Ball 3-2: Base on Balls
|
|
Batting: LHB Kuan Hsia
|
0-0: Called Strike 0-1: Swinging Strike 0-2: Ball 1-2: Foul Ball, location: 2F 1-2: Ball 2-2: Ball 3-2: Base on Balls Alex Peguero to second
|
|
Pinch Runner at 2nd Azeem bin Zuhair:
|
|
|
Batting: RHB Chris Kulik
|
0-0: Ball 1-0: 3-RUN HOME RUN (Flyball, 78XD, EV 113.1 MPH), Distance : 438 ft
|
|
Pitching: RHP Silvian Mans
|
|
|
Batting: RHB Jonathan Hemsley
|
0-0: Ball 1-0: Fly out, F9 (Flyball, 89S, EV 91.2 MPH)
|
|
Batting: RHB Tsugio Yamaguchi
|
0-0: Foul Ball, location: 2F 0-1: Called Strike 0-2: Ball 1-2: Foul Ball, location: 2F 1-2: Ball 2-2: Fly out, F8 (Flyball, 8RXD, EV 98.1 MPH)
|
| Bottom of the 6th over - 3 runs, 1 hit, 0 errors, 0 left on base; Helena 4 - San Francisco (APP) 5 |
| TOP OF THE 7TH |
|
Helena Brewers batting - Pitching for San Francisco (APP) Giants : RHP Sam Green
|
|
Now at 3B: Cedric Sweep
|
|
|
Batting: RHB Steve Errico
|
0-0: Ball 1-0: Foul Ball, location: 2F 1-1: Ball 2-1: DOUBLE (Line Drive, 9LS, EV 111.9 MPH)
|
|
Batting: RHB Jesus Menjivar
|
0-0: Ball 1-0: Ball 2-0: Ball 3-0: Called Strike 3-1: Ball
|
|
Batting: LHB Jose Simental
|
0-0: Ball 1-0: Sac Bunt to 13S - play at first, batter OUT! 1-4 Steve Errico to third Jesus Menjivar to second
|
|
Pitching: RHP François Leclerc
|
|
|
Batting: LHB Andy Buschlen
|
0-0: Ball 1-0: 3-RUN HOME RUN (Flyball, 9LD, EV 96.2 MPH), Distance : 347 ft
|
|
Batting: RHB Lorenzo Diaz
|
0-0: Ball 1-0: Fly out, F9 (Flyball, 9D, EV 90.6 MPH)
|
|
Batting: LHB Tony Hasbun
|
0-0: Ball 1-0: Foul Ball, location: 2F 1-1: SINGLE (Groundball, 4S, EV 65.6 MPH) (infield hit)
|
|
Batting: RHB Austin Doig
|
Pickoff Throw to First - Out! 1-3 CS
|
| Top of the 7th over - 3 runs, 3 hits, 0 errors, 0 left on base; Helena 7 - San Francisco (APP) 5 |
| BOTTOM OF THE 7TH |
|
San Francisco (APP) Giants batting - Pitching for Helena Brewers : RHP Silvian Mans
|
|
Batting: RHB Noe Oliva
|
0-0: Ball 1-0: Ball 2-0: Ground out 5-3 (Groundball, 56, EV 84.4 MPH)
|
|
Batting: RHB Coen Dirks
|
0-0: Swinging Strike 0-1: Ball 1-1: Fly out, F9 (Flyball, 9, EV 83.8 MPH)
|
|
Batting: RHB Zach Maguire
|
0-0: Called Strike 0-1: Foul Ball, location: 2F 0-2: Fly out, F8 (Flyball, 78XD, EV 106.9 MPH)
|
| Bottom of the 7th over - 0 runs, 0 hits, 0 errors, 0 left on base; Helena 7 - San Francisco (APP) 5 |
| TOP OF THE 8TH |
|
Helena Brewers batting - Pitching for San Francisco (APP) Giants : RHP François Leclerc
|
|
Batting: RHB Austin Doig
|
0-0: Foul Ball, location: 2F 0-1: Ball 1-1: Swinging Strike 1-2: Strikes out swinging
|
|
Batting: LHB Jesus Huante
|
0-0: Foul Ball, location: 2F 0-1: Swinging Strike 0-2: Foul Ball, location: 2F 0-2: Ball 1-2: Fly out, F4 (Popup, 34, EV 63.8 MPH)
|
|
Batting: LHB Alex Chairez
|
0-0: Called Strike 0-1: Swinging Strike 0-2: Hit by Pitch
|
|
Batting: RHB Steve Errico
|
0-0: Ball 1-0: Ball 2-0: Ball 3-0: Base on Balls Alex Chairez to second
|
|
Pitching: RHP Antonio Torres
|
|
|
Batting: RHB Jesus Menjivar
|
0-0: Called Strike 0-1: Ball 1-1: Ball 2-1: Ball Wild Pitch! Alex Chairez to third Steve Errico to second 3-1: Ground out 6-3 (Groundball, 6, EV 77.5 MPH)
|
| Top of the 8th over - 0 runs, 0 hits, 0 errors, 2 left on base; Helena 7 - San Francisco (APP) 5 |
| BOTTOM OF THE 8TH |
|
San Francisco (APP) Giants batting - Pitching for Helena Brewers : RHP Silvian Mans
|
|
Now in LF: Daniel Pena
|
|
|
Batting: RHB Jaime Rios
|
0-0: Foul Ball, location: 2F 0-1: Ball 1-1: Foul Ball, location: 2F 1-2: Ground out 6-3 (Groundball, 6M, EV 78.1 MPH)
|
|
Batting: SHB Cedric Sweep
|
0-0: Called Strike 0-1: SINGLE (Groundball, 4MD, EV 96.2 MPH)
|
|
Batting: LHB Kuan Hsia
|
0-0: Called Strike 0-1: Foul Ball, location: 2F 0-2: Strikes out swinging
|
|
Batting: RHB Chris Kulik
|
0-0: Fielders Choice at 2nd, 5-4 (Groundball, 56, EV 85.0 MPH)
|
| Bottom of the 8th over - 0 runs, 1 hit, 0 errors, 1 left on base; Helena 7 - San Francisco (APP) 5 |
| TOP OF THE 9TH |
|
Helena Brewers batting - Pitching for San Francisco (APP) Giants : RHP Antonio Torres
|
|
Batting: LHB Jose Simental
|
0-0: Ball 1-0: Ball 2-0: Foul Ball, location: 2F 2-1: Ball 3-1: Foul Ball, location: 2F 3-2: Strikes out looking
|
|
Batting: LHB Andy Buschlen
|
0-0: Ball 1-0: Ball 2-0: Ball 3-0: Called Strike 3-1: Called Strike 3-2: Strikes out swinging
|
|
Batting: RHB Lorenzo Diaz
|
0-0: Called Strike 0-1: Ball 1-1: SINGLE (Groundball, 6D, EV 103.1 MPH)
|
|
Batting: LHB Tony Hasbun
|
0-0: Foul Ball, location: 2F 0-1: Fly out, F9 (Flyball, 9D, EV 91.2 MPH)
|
| Top of the 9th over - 0 runs, 1 hit, 0 errors, 1 left on base; Helena 7 - San Francisco (APP) 5 |
| BOTTOM OF THE 9TH |
|
San Francisco (APP) Giants batting - Pitching for Helena Brewers : RHP Silvian Mans
|
|
Pitching: LHP Dan Mclaren
|
|
|
Batting: RHB Jonathan Hemsley
|
0-0: Called Strike 0-1: Foul Ball, location: 2F 0-2: Ball 1-2: Ball 2-2: Strikes out swinging
|
|
Batting: RHB Tsugio Yamaguchi
|
0-0: Foul Ball, location: 2F 0-1: Called Strike 0-2: Ball 1-2: Ball 2-2: Foul Ball, location: 2F 2-2: Fly out, F8 (Flyball, 8LD, EV 88.1 MPH)
|
|
Batting: RHB Noe Oliva
|
0-0: Ball 1-0: Foul Ball, location: 2F 1-1: Swinging Strike 1-2: Foul Ball, location: 2F 1-2: Ball 2-2: Foul Ball, location: 2F 2-2: Ball 3-2: Strikes out looking
|
| Bottom of the 9th over - 0 runs, 0 hits, 0 errors, 0 left on base; Helena 7 - San Francisco (APP) 5 |
|